 Dungeon Sprint DCSS version 0.23.1 (webtiles) character file.

Game seed: 5544593677387950754

429 wilfster70 the Sneak (level 6, 50/50 HPs)
             Began as a Gnoll Enchanter on Mar 8, 2019.
             Was an Initiate of Nemelex Xobeh.
             Quit the game in the Dungeon (Sprint I: "Red Sonja").
             The game lasted 00:01:47 (332 turns).

wilfster70 the Sneak (Gnoll Enchanter)               Turns: 332, Time: 00:01:47

Health: 50/50      AC:  3    Str: 10    XL:     6   Next: 98%
Magic:  16/16      EV: 16    Int: 20    God:    Nemelex Xobeh [......]
Gold:   297        SH:  0    Dex: 15    Spells: 13/19 levels left

rFire    . . .     SeeInvis .   a - +1 dagger
rCold    . . .     Gourm    .   (no shield)
rNeg     . . .     Faith    .   i - +0 leather armour
rPois    .         Spirit   .   (no helmet)
rElec    .         Reflect  .   (no cloak)
rCorr    .         Harm     .   (no gloves)
MR       .....     NoTele   +   (no boots)
Stlth    ++++......             (no amulet)
HPRegen  0.16/turn              (no ring)
MPRegen  0.15/turn              (no ring)

@: no status effects
A: distributed training, fangs 1, strong nose
a: Draw Escape, Draw Destruction, Draw Summoning, Renounce Religion


You were in the Dungeon.
You worshipped Nemelex Xobeh.
Nemelex Xobeh was noncommittal.
You were not hungry.

You visited 1 branch You collected 297 gold pieces.

Inventory:

Hand Weapons
 a - a +1 dagger (weapon)
Armour
 b - a +0 robe
 i - a +0 leather armour (worn)
Wands
 k - a wand of random effects (4)
Scrolls
 c - 2 scrolls of identify {unknown}
 j - a scroll of blinking
 l - a scroll of magic mapping {unknown}
Potions
 e - a potion of curing
 f - a potion of heal wounds
 g - a potion of haste
 h - 2 potions of magic
Comestibles
 d - a ration


   Skills:
 + Level 4.9 Fighting
 + Level 5.6 Short Blades
 + Level 4.9 Long Blades
 + Level 4.9 Axes
 + Level 4.9 Maces & Flails
 + Level 4.9 Polearms
 + Level 4.9 Staves
 + Level 4.9 Slings
 + Level 4.9 Bows
 + Level 4.9 Crossbows
 + Level 4.9 Throwing
 + Level 4.9 Armour
 + Level 6.8 Dodging
 + Level 7.8 Stealth
 + Level 4.9 Shields
 + Level 4.9 Unarmed Combat
 + Level 7.1 Spellcasting
 + Level 4.1 Conjurations
 + Level 6.9 Hexes
 + Level 4.1 Charms
 + Level 4.1 Summonings
 + Level 4.1 Necromancy
 + Level 4.1 Translocations
 + Level 4.1 Transmutations
 + Level 4.1 Fire Magic
 + Level 4.1 Ice Magic
 + Level 4.1 Air Magic
 + Level 4.1 Earth Magic
 + Level 4.1 Poison Magic
 + Level 5.4 Invocations
 + Level 4.9 Evocations


You had 13 spell levels left.
You knew the following spells:

 Your Spells              Type           Power        Failure   Level  Hunger
a - Corona                Hex            ####...      1%          1    None
b - Ensorcelled Hibernat  Hex/Ice        ####..       1%          2    None
c - Confuse               Hex            ####....     2%          3    #......

Your spell library contained the following spells:

 Spells                   Type           Power        Failure   Level  Hunger
 Tukima's Dance           Hex            ####....     2%          3    #......
 Dazzling Spray           Conj/Hex       ####..       3%          3    #......


Dungeon Overview and Level Annotations

Branches:
Dungeon (1/1)

Altars:
Cheibriados
Dithmenos
Elyvilon
Fedhas
Gozag
Hepliaklqana
Kikubaaqudgha
Nemelex Xobeh
Okawaru
Qazlal
Ru
Sif Muna
Trog
Uskayaw
Vehumet
Wu Jian
Yredelemnul
Zin
The Shining One

Shops:
D }


Innate Abilities, Weirdness & Mutations

Your experience applies equally to all skills.
You have very sharp teeth.
Your uncanny sense of smell can sniff out nearby items.


Message History

Unknown command.
Found a sparkling altar of Nemelex Xobeh.
There is a hazy altar of Hepliaklqana here.
There is a hide-covered altar of Uskayaw here.
There is an ancient bone altar of Kikubaaqudgha here.
There is a glowing golden altar of the Shining One here.
There is an ancient bone altar of Kikubaaqudgha here.
There is a basalt altar of Yredelemnul here.
There is a shadowy altar of Dithmenos here.
There is a sacrificial altar of Ru here.
There is a snail-covered altar of Cheibriados here.
There is an opulent altar of Gozag here.
There is a sparkling altar of Nemelex Xobeh here.
You kneel at the altar of Nemelex Xobeh.
You have lost your religion!
The Council does not appreciate desertion!
Nemelex Xobeh welcomes you!
You can now draw from decks of power.
You resume training Invocations.
Are you sure you want to abandon this character and quit the game? (Confirm with "yes".)

#<.#.)'..#..'..# ∆∆
#..'..#.)').#..+ ∆∆
#..#####'#####'#
#..####..#...#.# ∆∆
#..#__####..##.#
#..#_____##'#_.+
#⌠⌠#_.∩...'..._#
####_..__##_.#'#
∆∆#____@###+#.#∆∆∆∆
####### ### ∆ ∆ ∆
∆∆ ∆∆ ∆ ∆ ∆ ∆ ∆
∆∆∆∆∆ ∆∆∆∆∆


There were no monsters in sight!

Vanquished Creatures
  Sigmund (D)
  A yak (D)
  An ogre (D)
  A jelly (D)
  Ijyb (D)
5 creatures vanquished.

Notes
Turn   | Place    | Note
-------+----------+-------------------------------------------
     0 | D        | wilfster70 the Gnoll Enchanter began the quest for the Orb.
     0 | D        | Reached XP level 1. HP: 13/13 MP: 6/6
     1 | D        | Noticed Ijyb
    11 | D        | Killed Ijyb
    11 | D        | Reached skill level 1 in Fighting
    11 | D        | Reached skill level 1 in Long Blades
    11 | D        | Reached skill level 1 in Axes
    11 | D        | Reached skill level 1 in Maces & Flails
    11 | D        | Reached skill level 1 in Polearms
    11 | D        | Reached skill level 1 in Staves
    11 | D        | Reached skill level 1 in Slings
    11 | D        | Reached skill level 1 in Bows
    11 | D        | Reached skill level 1 in Crossbows
    11 | D        | Reached skill level 1 in Throwing
    11 | D        | Reached skill level 1 in Armour
    11 | D        | Reached skill level 1 in Shields
    11 | D        | Reached skill level 1 in Unarmed Combat
    11 | D        | Reached skill level 5 in Spellcasting
    11 | D        | Reached skill level 1 in Conjurations
    11 | D        | Reached skill level 1 in Charms
    11 | D        | Reached skill level 1 in Summonings
    11 | D        | Reached skill level 1 in Necromancy
    11 | D        | Reached skill level 1 in Translocations
    11 | D        | Reached skill level 1 in Transmutations
    11 | D        | Reached skill level 1 in Fire Magic
    11 | D        | Reached skill level 1 in Ice Magic
    11 | D        | Reached skill level 1 in Air Magic
    11 | D        | Reached skill level 1 in Earth Magic
    11 | D        | Reached skill level 1 in Poison Magic
    11 | D        | Reached skill level 1 in Invocations
    11 | D        | Reached skill level 1 in Evocations
    11 | D        | Reached XP level 2. HP: 22/22 MP: 8/8
    11 | D        | Reached XP level 3. HP: 27/27 MP: 9/9
    45 | D        | Noticed an ogre
    48 | D        | Killed an ogre
    48 | D        | Reached skill level 5 in Dodging
    48 | D        | Reached XP level 4. HP: 34/34 MP: 9/11
    72 | D        | Noticed Sigmund
    82 | D        | Learned a level 2 spell: Ensorcelled Hibernation
    84 | D        | Killed Sigmund
    84 | D        | Reached skill level 5 in Short Blades
    84 | D        | Reached XP level 5. HP: 17/42 MP: 10/14
    84 | D        | Reached XP level 6. HP: 19/48 MP: 10/15
   267 | D        | Learned a level 3 spell: Confuse
   277 | D        | Found a deep blue altar of Sif Muna.
   278 | D        | Found an ornate altar of the Wu Jian Council.
   279 | D        | Found a radiant altar of Vehumet.
   285 | D        | Became a worshipper of the Wu Jian Council
   314 | D        | Found Timeecir's Gadget Emporium.
   314 | D        | Found an ancient bone altar of Kikubaaqudgha.
   314 | D        | Found a hazy altar of Hepliaklqana.
   314 | D        | Found a hide-covered altar of Uskayaw.
   314 | D        | Found a basalt altar of Yredelemnul.
   314 | D        | Found an opulent altar of Gozag.
   314 | D        | Found a snail-covered altar of Cheibriados.
   314 | D        | Found a sacrificial altar of Ru.
   314 | D        | Found a shadowy altar of Dithmenos.
   314 | D        | Noticed a yak
   315 | D        | Found a stormy altar of Qazlal.
   315 | D        | Found a blossoming altar of Fedhas.
   315 | D        | Found a bloodstained altar of Trog.
   315 | D        | Found an iron altar of Okawaru.
   315 | D        | Found a glowing golden altar of the Shining One.
   315 | D        | Found a glowing silver altar of Zin.
   315 | D        | Found a white marble altar of Elyvilon.
   316 | D        | Killed a yak
   316 | D        | Reached skill level 5 in Invocations
   317 | D        | Found a sparkling altar of Nemelex Xobeh.
   331 | D        | Fell from the grace of Wu Jian
   331 | D        | Became a worshipper of Nemelex Xobeh the Trickster
   332 | D        | Quit the game

Skill      XL: |  1  2  3  4  5  6 |
---------------+-------------------+-----
Fighting       | 1 2 4 |  4.9
Short Blades   | 3 4 5 |  5.6
Long Blades    | 1 2 4 |  4.9
Axes           | 1 2 4 |  4.9
Maces & Flails | 1 2 4 |  4.9
Polearms       | 1 2 4 |  4.9
Staves         | 1 2 4 |  4.9
Slings         | 1 2 4 |  4.9
Bows           | 1 2 4 |  4.9
Crossbows      | 1 2 4 |  4.9
Throwing       | 1 2 4 |  4.9
Armour         | 1 2 4 |  4.9
Stealth        | 6 7 |  7.8
Shields        | 1 2 4 |  4.9
Unarmed Combat | 1 2 4 |  4.9
Spellcasting   | 5 6 7 |  7.1
Conjurations   | 1 2 3 4 |  4.1
Charms         | 1 2 3 4 |  4.1
Summonings     | 1 2 3 4 |  4.1
Necromancy     | 1 2 3 4 |  4.1
Translocations | 1 2 3 4 |  4.1
Transmutations | 1 2 3 4 |  4.1
Fire Magic     | 1 2 3 4 |  4.1
Ice Magic      | 1 2 3 4 |  4.1
Air Magic      | 1 2 3 4 |  4.1
Earth Magic    | 1 2 3 4 |  4.1
Poison Magic   | 1 2 3 4 |  4.1
Invocations    | 1 3 4 5 |  5.4
Evocations     | 1 2 4 |  4.9
Dodging        | 5 6 |  6.8
Hexes          | 6 |  6.9

Action                   |  1- 3 |  4- 6 || total
-------------------------+-------+-------++-------
Melee: Dagger            |     8 |     3 ||    11
       Bite              |     1 |       ||     1
 Cast: Ensorcelled Hiber |       |     1 ||     1
  Use: Potion            |     1 |       ||     1
 Stab: Sleeping          |     1 |     3 ||     4
Dodge: Dodged            |     3 |     4 ||     7
